 Dungeon Crawl Stone Soup version 0.29.0-10-g45618ea6d2 (webtiles) character file.

Game seed: 5126392374632040497

216 RascalDebosk the Chopper (level 5, -2/47 HPs)
             Began as a Minotaur Monk on Sept 1, 2022.
             Splashed by a jelly's acid (5 damage)
             ... on level 4 of the Dungeon.
             The game lasted 00:15:34 (1975 turns).

RascalDebosk the Chopper (Minotaur Monk)            Turns: 1975, Time: 00:15:35

Health: -2/47      AC:  0    Str: 18    XL:     5   Next: 61%
Magic:  0/5        EV:  6    Int:  7    God:
Gold:   136        SH: 11    Dex: 12    Spells: 4/4 levels left

rFire   . . .      SeeInvis .   a - +1 hand axe
rCold   . . .      Faith    .   b - +0 tower shield
rNeg    + . .      Spirit   +   e - +0 scale mail
rPois   .          Reflect  .   (helmet restricted)
rElec   .          Harm     .   y - +0 cloak
rCorr   .          Rampage  .   k - +0 pair of gloves
Will    +....                   (no boots)
Stlth   ..........              d - amulet of guardian spirit
HPRegen 0.15/turn               i - ring of willpower
MPRegen 0.09/turn               o - ring of positive energy

@: corroded, studying Short Blades
A: horns 2, retaliatory headbutt
a: no special abilities


You were on level 4 of the Dungeon.
You visited 1 branch of the dungeon, and saw 4 of its levels.

You collected 136 gold pieces.

Inventory:

Hand Weapons
 a - a +1 hand axe (weapon)
Missiles
 l - 2 silver javelins (quivered)
 m - 2 poisoned darts
Armour
 b - a +0 tower shield (worn)
 e - a +0 scale mail (worn)
 k - a +0 pair of gloves (worn)
 y - a +0 cloak (worn)
Jewellery
 d - an amulet of guardian spirit (around neck)
 g - a ring of fire
 i - a ring of willpower (left hand)
 o - a ring of positive energy (right hand)
Potions
 c - a potion of ambrosia
 f - a potion of berserk rage {unknown}
 p - a potion of haste
 q - a potion of lignification {unknown}
 r - a potion of brilliance {unknown}
 s - a potion of degeneration {unknown}
 t - a potion of flight {unknown}
 v - a potion of mutation {unknown}
 w - a potion of experience {unknown}
 x - a potion of curing {unknown}


   Skills:
 + Level 4.3 Fighting
 + Level 4.4 Axes
 + Level 2.0 Throwing
 + Level 2.2 Armour
 - Level 3.2 Dodging
 - Level 1.5 Stealth
 + Level 2.0 Shields
 + Level 1.9 Invocations
 + Level 1.4 Evocations


You had 4 spell levels left.
You didn't know any spells.
Your spell library was empty.

Dungeon Overview and Level Annotations

Branches:
Dungeon (4/15)
 Temple: D:4-7

Altars:
Qazlal


Innate Abilities, Weirdness & Mutations

You have a pair of horns on your head.
You reflexively headbutt those who attack you in melee.


Message History

You hit the goblin.
You kill the goblin!
You hit the goblin.
You kill the goblin!
f - a smoky emerald potion The orc shouts!
A ball python comes into view.
An orc, a jelly and a goblin come into view.
The orc shouts!
The jelly quivers.
The goblin shouts!
There is an open door here.
The ball python bites you. The ball python grabs you.
The ball python constricts you.
You hit the ball python. You headbutt the ball python.
You kill the ball python!
You barely miss the jelly. The jelly hits you.
You are splashed with acid!
You block the goblin's attack. The jelly hits you. The acid corrodes you!
You are splashed with acid!
The orc hits you with a +0 hand axe.
You closely miss the goblin.
You headbutt the goblin, but do no damage.
You hit the jelly.
Your hands burn!
You hit the orc. You block the jelly's attack.
The goblin hits you with a +0 dagger. The orc barely misses you.
You hit the goblin.
You kill the goblin!
You hit the jelly but do no damage.
Your hands burn!
You hit the orc. You block the jelly's attack.
The orc hits you with a +0 hand axe. You block the orc's attack.
The jelly hits you. The acid corrodes you!
You are splashed with acid!
* * * LOW HITPOINT WARNING * * *
You closely miss the orc. You headbutt the orc.
The orc is almost dead.
You hit the jelly but do no damage.
Your hands burn!
* * * LOW HITPOINT WARNING * * *
The jelly closely misses you. The orc barely misses you.
You hit the orc.
You kill the orc!
You hit the jelly.
Your hands burn!
You die...

#...###.#########.####...
# #......#..######...
#......#..+}#......
#..##..# ###......
#..##..# #.......
#......# #.......
#......# #.......
##'###### ##.##...
#@J...#.. ####...
#))...#.... +... #..#..#
... #... #.....+ ... #...
#.....# #### #######


You could see a jelly.

Vanquished Creatures
  Natasha (thrice) (D:2)
  An orc wizard (D:3)
  4 adders
  An ufetubus (D:4)
  5 dart slugs
  4 orcs
  4 bats
  3 endoplasms
  2 giant cockroaches (D:1)
  8 goblins
  4 hobgoblins
  7 jackals
  A quokka (D:3)
  6 ball pythons
  5 frilled lizards
  3 kobolds
  6 rats
67 creatures vanquished.

Notes
Turn   | Place    | Note
-------+----------+-------------------------------------------
     0 | D:1      | RascalDebosk the Minotaur Monk began the quest for the Orb.
     0 | D:1      | Reached XP level 1. HP: 19/19 MP: 0/0
   135 | D:1      | Reached XP level 2. HP: 17/27 MP: 1/1
   320 | D:1      | You fall into a shaft and drop 1 floor!
   347 | D:2      | Noticed Natasha
   350 | D:2      | Killed Natasha
   351 | D:2      | Reached skill level 1 in Armour
   351 | D:2      | Reached skill level 1 in Shields
   351 | D:2      | Reached XP level 3. HP: 33/33 MP: 2/2
   359 | D:2      | Reached skill level 1 in Invocations
   436 | D:2      | Found a faded altar of an unknown god.
   439 | D:2      | Noticed Natasha
   448 | D:2      | Reached skill level 1 in Throwing
   448 | D:2      | Killed Natasha
   449 | D:2      | Reached skill level 1 in Evocations
   449 | D:2      | Reached XP level 4. HP: 24/40 MP: 3/3
  1173 | D:2      | Noticed Natasha
  1177 | D:2      | Killed Natasha
  1422 | D:3      | Reached XP level 5. HP: 38/46 MP: 1/5
  1597 | D:3      | Found a stormy altar of Qazlal.
  1975 | D:4      | Splashed by a jelly's acid

Illustrated notes

Levels and vault maps discovered:
D:1:      mrwooster_arrival_statue_3, layout_rooms, minmay_unequal
D:2:      kennysheep_big_flooded_room, layout_loops_ring,
          hellmonk_ecumenical_altar_zigzags, uniq_natasha
D:3:      layout_rooms, grunt_qazlal_clouds, grunt_ministairs_15
D:4:      minmay_clustersquares, layout_gridville, marbit_many_paths

Skill      XL: |  1  2  3  4  5 |
---------------+----------------+-----
Armour         | 1 2 |  2.2
Shields        | 1 2 |  2.0
Invocations    | 1 |  1.9
Throwing       | 1 2 |  2.0
Fighting       | 4 |  4.3
Axes           | 4 |  4.4
Evocations     | 1 |  1.4
Dodging        | |  3.2
Stealth        | |  1.5

Action                   |  1- 3 |  4- 6 || total
-------------------------+-------+-------++-------
Melee: Hand axe          |    42 |   101 ||   143
       Headbutt          |     7 |    11 ||    18
  Use: Scroll            |       |     6 ||     6
Armor: Scale mail        |    19 |    62 ||    81
       Leather armour    |     1 |       ||     1
Dodge: Dodged            |    14 |    29 ||    43
Block: Tower shield      |    24 |    88 ||   112
